 Dungeon Crawl Stone Soup version 0.28.0 (webtiles) character file.

Game seed: 15951292883629396322

2971 freelancePsychic the Slicer (level 9, 0/49 HPs)
             Began as a Vine Stalker Delver on Feb 17, 2022.
             Was a Believer of Wu Jian.
             Succumbed to a kobold brigand's curare-tipped dart
             ... on level 8 of the Dungeon.
             The game lasted 00:13:29 (5417 turns).

freelancePsychic the Slicer (Vine Stalker Delver)   Turns: 5417, Time: 00:13:30

Health: 0/49       AC: 12    Str: 18    XL:     9   Next: 82%
Magic:  4/10       EV: 11    Int: 10    God:    Wu Jian [**....]
Gold:   278        SH:  0    Dex: 17    Spells: 2/8 levels left

rFire   . . .      SeeInvis .   z - +0 dagger (venom)
rCold   . . .      Faith    .   (no shield)
rNeg    . . .      Spirit   +   m - +0 ring mail
rPois   .          Reflect  .   (no helmet)
rElec   .          Harm     .   q - +0 cloak
rCorr   .          Rampage  .   d - +0 pair of gloves
Will    +....                   k - +2 pair of boots
Stlth   +++.......              (no amulet)
HPRegen 0.96/turn               (no ring)
MPRegen 0.12/turn               (no ring)

@: lethally poisoned (0 -> -2), ice-armoured, flying, slowed, studying Ice
Magic, very slow
A: fangs 3, regeneration 1, magic shield, antimagic bite, no potion heal 2
a: Renounce Religion, Wall Jump


You were on level 8 of the Dungeon.
You worshipped Wu Jian.
Wu Jian was pleased with you.
You visited 1 branch of the dungeon, and saw 8 of its levels.

You collected 278 gold pieces.

Inventory:

Hand Weapons
 z - a +0 dagger of venom (weapon)
 A - a +4 dagger
Missiles
 f - 9 poisoned darts (quivered)
Armour
 b - a +0 leather armour
 d - a +0 pair of gloves (worn)
 k - a +2 pair of boots (worn)
 l - an orb of guile
 m - a +0 ring mail (worn)
 q - a +0 cloak (worn)
Jewellery
 B - a ring of ice
Wands
 g - a wand of digging (10)
Scrolls
 a - 3 scrolls of magic mapping
 c - a scroll of fog
 e - 3 scrolls of fear
 h - a scroll of enchant weapon
 j - 4 scrolls of holy word
 n - 2 scrolls of silence
 o - a scroll of noise
 p - 3 scrolls of enchant armour
 s - 3 scrolls of blinking
 v - 3 scrolls of teleportation {@r4}
 y - 2 scrolls of amnesia
Potions
 i - a potion of heal wounds {@q2}
 r - a potion of curing {unknown}
 t - a potion of flight
 u - a potion of haste {@q3}
 w - a potion of brilliance {unknown}
 x - 2 potions of mutation {unknown}


   Skills:
 + Level 6.8 Fighting
 * Level 9.1 Short Blades
 - Level 1.2 Throwing
 - Level 1.5 Dodging
 - Level 7.4 Stealth
 + Level 6.6 Ice Magic


You had 2 spell levels left.
You knew the following spells:

 Your Spells              Type           Power      Damage    Failure   Level
a - Frozen Ramparts       Ice            26%        1d4       13%         3
b - Ozocubu's Armour      Ice            13%        N/A       13%         3

Your spell library contained the following spells:

 Spells                   Type           Power      Damage    Failure   Level
 Freeze                   Ice            52%        1d7       4%          1
 Hailstorm                Conj/Ice       6%         3d4       86%         4
 Gell's Gravitas          Tloc           0%         N/A       90%         3
 Lesser Beckoning         Tloc           0%         N/A       90%         3
 Teleport Other           Tloc           0%         N/A       90%         3
 Ozocubu's Refrigeration  Ice            6%         4d6       100%        7


Dungeon Overview and Level Annotations

Branches:
Dungeon (8/15)             Temple (0/1) D:6
   Lair: D:8-11

Altars:
Elyvilon
Hepliaklqana
Nemelex Xobeh
Sif Muna
Uskayaw
Wu Jian
Xom

Annotations:
D:6 1 runed translucent door, Crazy Yiuf
D:7 3 runed translucent doors, Barbarella's ghost, novice TrHu


Innate Abilities, Weirdness & Mutations

You have razor-sharp teeth.
Your natural rate of healing is unusually fast.
When hurt, damage is shared between your health and your magic reserves.
Your bite disrupts and absorbs the magic of your enemies.
Potions cannot restore your health.


Message History

The Council accepts your kill.
Your Short Blades skill increases to level 9!
Your icy armour and frozen ramparts will break if you move.
Continue?
Okay, then.
The wall freezes the kobold brigand.
The kobold brigand throws a curare-tipped dart.
The curare-tipped dart hits you.
You are poisoned.
You have difficulty breathing.
You feel as though you will be slow longer.
The wall freezes the kobold brigand.
The kobold brigand throws a curare-tipped dart.
The curare-tipped dart closely misses you.
The wall freezes the kobold brigand.
The kobold brigand throws a curare-tipped dart.
The curare-tipped dart hits you.
You are more poisoned.
You have difficulty breathing.
* * * LOW HITPOINT WARNING * * *
You feel as though you will be slow longer.
* * * LOW HITPOINT WARNING * * *
You feel extremely sick.
The wall freezes the kobold brigand. x2
You kill the kobold brigand!
The Council accepts your kill.
The wall freezes the kobold brigand.
The kobold brigand hits you but does no damage.
You barely miss the kobold brigand.
The kobold brigand is moderately wounded.
* * * LOW HITPOINT WARNING * * *
You feel sick.
The wall freezes the kobold brigand.
It was a potion of heal wounds.
That seemed strangely inert.
The frozen ramparts melt away.
* * * LOW HITPOINT WARNING * * *
You feel very sick.
The kobold brigand closely misses you. x2
It was a potion of flight.
You feel very buoyant.
You fly up into the air.
You die...

#.≈≈♣ #..≈♣ ≈
#..≈♣♣♣≈ #..≈≈≈≈≈
#.≈≈...≈ #.≈≈≈≈≈≈
#############.≈≈♣
#KK@..........≈≈♣
#)###.########.≈♣♣♣≈
.K. #.####..>..≈≈≈≈≈
#..§
#..........≈...≈
#..K
#..........≈≈≈≈≈
#KK.
#.........≈≈♣♣♣≈
#.KK #...<.....≈≈♣
#.K. #..........≈♣
#..........≈≈≈≈


You could see 2 kobold brigands and a kobold.

Vanquished Creatures
  A kobold demonologist (D:8)
  Sigmund (D:2)
  A shadow (D:7)
  3 water moccasins
  2 orc warriors
  An ice beast (D:7)
  A necrophage (D:5)
  3 ogres
  6 kobold brigands (D:8)
  2 phantoms
  A bullfrog (D:7)
  3 killer bees (D:7)
  A centaur zombie (D:5)
  3 jellies
  3 hounds
  3 orc priests
  3 iguanas
  5 orc wizards
  A gnoll (D:1)
  5 adders
  A shadow imp (D:5)
  An adder skeleton (D:4)
  A worm (D:2)
  3 dart slugs (D:1)
  33 orcs
  11 endoplasms
  3 giant cockroaches
  9 goblins
  3 hobgoblins
  4 jackals (D:2)
  A quokka (D:2)
  2 ball pythons (D:1)
  14 bats
  12 kobolds
  5 rats
  A spectral kobold (D:5)
153 creatures vanquished.

Notes
Turn   | Place    | Note
-------+----------+-------------------------------------------
     0 | D:5      | freelancePsychic the Vine Stalker Delver began the quest
                  | for the Orb.
     0 | D:5      | Reached XP level 1. HP: 11/11 MP: 2/2
    29 | D:5      | Reached skill level 2 in Short Blades
    29 | D:5      | Reached XP level 2. HP: 4/16 MP: 1/3
    29 | D:5      | Reached XP level 3. HP: 5/20 MP: 1/4
   391 | D:4      | Reached skill level 3 in Short Blades
   603 | D:4      | Found a white marble altar of Elyvilon.
   680 | D:4      | Gained mutation: Your natural rate of healing is unusually
                  | fast. [Vine Stalker growth]
   680 | D:4      | Reached XP level 4. HP: 24/24 MP: 5/5
   706 | D:4      | Noticed a phantom
   881 | D:3      | Found a shimmering altar of Xom.
   923 | D:3      | Noticed a necrophage
  1246 | D:1      | Reached skill level 1 in Throwing
  1386 | D:1      | Reached XP level 5. HP: 28/28 MP: 4/6
  2254 | D:2      | Noticed Sigmund
  2258 | D:2      | Killed Sigmund
  2259 | D:2      | Reached skill level 4 in Short Blades
  2259 | D:2      | Reached XP level 6. HP: 33/33 MP: 7/7
  2520 | D:4      | Reached skill level 5 in Short Blades
  2589 | D:4      | Reached XP level 7. HP: 23/38 MP: 8/8
  2942 | D:5      | Found a hazy altar of Hepliaklqana.
  2985 | D:5      | Found an ornate altar of the Wu Jian Council.
  2988 | D:5      | Became a worshipper of the Wu Jian Council
  3169 | D:5      | Found a shimmering blue altar of Sif Muna.
  3423 | D:5      | Reached skill level 6 in Short Blades
  3646 | D:6      | Noticed a four-headed hydra
  3700 | D:5      | Gained mutation: You have razor-sharp teeth. [Vine Stalker
                  | growth]
  3700 | D:5      | Reached XP level 8. HP: 34/42 MP: 9/9
  3742 | D:6      | Reached skill level 5 in Fighting
  3802 | D:6      | Identified a scroll of acquirement
  3802 | D:6      | Acquired a manual of Ice Magic
  3830 | D:6      | Found a hide-covered altar of Uskayaw.
  3856 | D:6      | Reached skill level 1 in Ice Magic
  3914 | D:6      | Reached skill level 7 in Short Blades
  4005 | D:6      | Found a staircase to the Ecumenical Temple.
  4214 | D:6      | Reached * piety under Wu Jian
  4265 | D:6      | Found a runed translucent door.
  4266 | D:6      | Noticed Crazy Yiuf
  4566 | D:7      | Learned a level 3 spell: Frozen Ramparts
  4591 | D:7      | Reached XP level 9. HP: 42/48 MP: 7/10
  4659 | D:7      | Found a sparkling altar of Nemelex Xobeh.
  4702 | D:7      | Learned a level 3 spell: Ozocubu's Armour
  4967 | D:7      | Reached skill level 8 in Short Blades
  5013 | D:7      | Reached skill level 5 in Ice Magic
  5101 | D:7      | Found a runed translucent gate.
  5101 | D:7      | Found a runed translucent gate.
  5101 | D:7      | Found a runed translucent gate.
  5162 | D:7      | Noticed Barbarella's ghost (novice TrHu)
  5362 | D:8      | Noticed a kobold demonologist
  5391 | D:8      | Reached ** piety under Wu Jian
  5398 | D:8      | Killed a kobold demonologist
  5413 | D:8      | Reached skill level 9 in Short Blades
  5416 | D:8      | HP: 2/49 [poisoned by a kobold brigand (curare-tipped
                  | dart)]
  5417 | D:8      | Succumbed to a kobold brigand's curare-tipped dart

Illustrated notes

Levels and vault maps discovered:
D:1:      dpeg_arrival_castle, layout_basic, shapermc_ecumenical_altar_acropolis
D:2:      layout_loops_cross, uniq_sigmund
D:3:      layout_basic, mainiacjoe_overflow_catwalk
D:4:      layout_basic, mainiacjoe_overflow_six_doors_small, solitary_fountain,
          kennysheep_diamond
D:5:      layout_loops_cross, nicolae_hepliaklqana_monster_ancestors,
          lemuel_coloured_pillars_altar, kennysheep_mini
D:6:      layout_basic, nicolae_uskayaw_murder_on_the_dancefloor,
          minmay_temple_entry_arrows, kennysheep_small_square,
          uniq_crazy_yiuf_cottage
D:7:      layout_basic, kennysheep_little_box, gammafunk_ghost_necromancy,
          roderic_batcave, chequers_decorated_corner
D:8:      layout_rooms, mainiacjoe_overflow_alcove_2,
          gammafunk_temple_overflow_claw, special_room [special_room_kobold],
          kennysheep_boxes

Skill      XL: |  1  2  3  4  5  6  7  8  9 |
---------------+----------------------------+-----
Fighting       | 3 4 5 6 |  6.8
Short Blades   | 2 3 4 5 6 7 9 |  9.1
Throwing       | 1 |  1.2
Stealth        | 7 |  7.4
Ice Magic      | 4 6 |  6.6
Dodging        | |  1.5

Action                   |  1- 3 |  4- 6 |  7- 9 || total
-------------------------+-------+-------+-------++-------
Melee: Short sword       |    31 |    15 |       ||    46
       Bite              |     8 |    49 |   119 ||   176
       Dagger            |       |   153 |   352 ||   505
       Punch             |       |     2 |     8 ||    10
Throw: Dart              |       |    10 |     1 ||    11
 Cast: Ozocubu's Armour  |       |       |     3 ||     3
       Frozen Ramparts   |       |       |     3 ||     3
Invok: Lunge             |       |       |    17 ||    17
       Whirlwind         |       |       |    18 ||    18
  Use: Potion            |     1 |       |     2 ||     3
       Scroll            |     1 |     5 |     7 ||    13
 Stab: Sleeping          |     3 |    15 |     7 ||    25
       Distracted        |       |       |     1 ||     1
Armor: Leather armour    |    15 |    25 |       ||    40
       Ring mail         |       |    38 |    83 ||   121
Dodge: Dodged            |    15 |    67 |   135 ||   217
